Workbook
Name PUISSANCE: [1]Listing!$D$2:$D$3
Name PUISSANCE: Listing!$D$2:$D$3
Name TENSION: [1]Listing!$A$2:$A$3
Name TENSION: Listing!$A$2:$A$3

Sheet MONO C4
L1: Entreprise
L2: Raison sociale | N2: COMPAGNIE DE PHALSBOURG
L3: SIREN | N3: 34954510300112
C4: Votre interlocuteur | L4: Signataire
C5: Courtier | D5: DAVID COHEN | L5: Prénom NOM | N5: Julien DUCASSE
C6: Téléphone | D6: 01 83 80 60 12 | L6: Téléphone | N6: 06 68 65 00 46
C7: Email | D7: david@cynergia.fr | L7: Email | N7: jducasse@compagniedephalsbourg.com
C9: INFORMATIONS COMPTEURS
C10: SITE DE CONSOMMATION | E10: SIRET | F10: RAE | H10: DATE D'EFFET | I10: Profil | J10: Segment | K10: Puissance (KVA) | L10: Consommation annuelle (en MWH)
L11: PTE | M11: HPH | N11: HCH | O11: HPE | P11: HCE | Q11: CAR
C12: SCI SAMUEL | F12: 30002111889984 | G12: 30002111889984 | H12: 45261 | I12: BT-LU-4-SUP 36 | J12: C4 | K12: 42 | M12: 9.7307694 | N12: 7.9957199 | O12: 6.4047867 | P12: 12.822428 | Q12: =SUM(L12:P12) -> 36.953704
C13: SCI VICTOIRE | F13: 30002221365346 | G13: 30002221365346 | H13: 45261 | I13: BT-CU-4-SUP 36 | J13: C4 | K13: 42 | M13: 8.1728457 | N13: 7.2814587 | O13: 6.8810435 | P13: 9.9965538 | Q13: =SUM(L13:P13) -> 32.331902
C14: SCI VICTOIRE | F14: 30002221649944 | G14: 30002221649944 | H14: 45261 | I14: BT-CU-4-SUP 36 | J14: C4 | K14: 48 | M14: 9.0186805 | N14: 8.7980955 | O14: 8.1297168 | P14: 11.499487 | Q14: =SUM(L14:P14) -> 37.44598
C15: SCI SIMONE | F15: 30002241803883 | G15: 30002241803883 | H15: 45261 | I15: BT-CU-4-SUP 36 | J15: C4 | K15: 48 | M15: 32.756421 | N15: 9.3811863 | O15: 43.949364 | P15: 15.469309 | Q15: =SUM(L15:P15) -> 101.55628
C16: SCI NINON | F16: 30002591007923 | G16: 30002591007923 | H16: 45261 | I16: BT-CU-4-SUP 36 | J16: C4 | K16: 42 | M16: 3.1468658 | N16: 4.3316268 | O16: 1.1619599 | P16: 4.0718182 | Q16: =SUM(L16:P16) -> 12.712271
C17: SARL TARA | F17: 50002557711083 | G17: 50002557711083 | H17: 45261 | I17: BT-CU-4-SUP 36 | J17: C4 | K17: 119 | M17: 30.838613 | N17: 8.9191897 | O17: 53.855038 | P17: 14.438355 | Q17: =SUM(L17:P17) -> 108.0512
C18: SCI VENDOME OUTLET FILTRATIC | F18: 50004591259260 | G18: 50004591259260 | H18: 45261 | I18: BT-CU-4-SUP 36 | J18: C4 | K18: 240 | M18: 40.46158 | N18: 18.868556 | O18: 63.183735 | P18: 29.773671 | Q18: =SUM(L18:P18) -> 152.28754
C19: SDC MY PLACE | F19: 50005499266657 | G19: 50005499266657 | H19: 45261 | I19: BT-CU-4-SUP 36 | J19: C4 | K19: 90 | M19: 33.377123 | N19: 16.438354 | O19: 41.287929 | P19: 20.281428 | Q19: =SUM(L19:P19) -> 111.38483
C20: MON BEAU BUCHELAY | F20: 50010804651509 | G20: 50010804651509 | H20: 45261 | I20: HT-CU-5-SUP 36 | J20: C2 | K20: 1000 | M20: 275.13331 | N20: 222.10645 | O20: 264.68581 | P20: 199.76652 | Q20: =SUM(L20:P20) -> 961.6921
C21: SCI VENDOME OUTLET SHOW | F21: 50017615860583 | G21: 50017615860583 | H21: 45261 | I21: BT-CU-4-SUP 36 | J21: C4 | K21: 240 | M21: 51.398134 | N21: 25.249513 | O21: 84.526576 | P21: 41.682139 | Q21: =SUM(L21:P21) -> 202.85636
C22: SDC MY PLACE | F22: 50023444276450 | G22: 50023444276450 | H22: 45261 | I22: HT-CU-5-SUP 36 | J22: C2 | K22: 600 | M22: 428.04191 | N22: 221.26121 | O22: 675.43072 | P22: 321.38179 | Q22: =SUM(L22:P22) -> 1646.1156
C23: SCI MARTIN ET LOLA | F23: 50028509398804 | G23: 50028509398804 | H23: 45261 | I23: BT-LU-4-SUP 36 | J23: C4 | K23: 42 | M23: 7.2322069 | N23: 4.1325733 | O23: 6.2747166 | P23: 4.159481 | Q23: =SUM(L23:P23) -> 21.798978
... C25: IQC ASSET MANAGEMENT | F25: 50068706048308 | G25: 50068706048308 | H25: 45261 | I25: BT-CU-4-SUP 36 | J25: C4 | K25: 37 | M25: 12.043807 | N25: 8.1799592 | O25: 10.523341 | P25: 10.449534 | Q25: =SUM(L25:P25) -> 41.196641
C26: Ma petite madeleine | D26: Ma petite madeleine | F26: 50071744623360 | G26: 50071744623360 | H26: 45261 | I26: BT-CU-4-SUP 36 | J26: C4 | K26: 108 | M26: 46.279106 | N26: 20.759967 | O26: 27.742625 | P26: 26.032505 | Q26: =SUM(L26:P26) -> 120.8142
C27: Ma petite madeleine | D27: Ma petite madeleine | F27: 50051339413535 | G27: 50051339413535 | H27: 45261 | I27: BT-CU-4-SUP 36 | J27: C4 | K27: 60 | M27: 26.920962 | N27: 12.451508 | O27: 12.086517 | P27: 11.621148 | Q27: =SUM(L27:P27) -> 63.080134
C28: Ma petite madeleine | D28: Ma petite madeleine | F28: 50009515969247 | G28: 50009515969247 | H28: 45261 | I28: BT-CU-4-SUP 36 | J28: C4 | K28: 90 | M28: 74.793679 | N28: 23.235183 | O28: 68.125066 | P28: 19.866447 | Q28: =SUM(L28:P28) -> 186.02037
C29: SDC MY PLACE | F29: 50073516633032 | G29: 50073516633032 | H29: 45261 | I29: BT-CU-4-SUP 36 | J29: C4 | K29: 66 | M29: 16.639532 | N29: 14.588951 | O29: 10.407278 | P29: 19.506463 | Q29: =SUM(L29:P29) -> 61.142224
C30: SCI SAUVEUR | F30: 50085238774570 | G30: 50085238774570 | H30: 45261 | I30: BT-CU-4-SUP 36 | J30: C4 | K30: 37 | M30: 36.881372 | N30: 17.737889 | O30: 35.871675 | P30: 21.696032 | Q30: =SUM(L30:P30) -> 112.18697
C31: SITE DE PLAISIR | F31: 50089245655901 | G31: 50089245655901 | H31: 45261 | I31: HT-CU-5-SUP 36 | J31: C2 | K31: 450 | M31: 331.44011 | N31: 215.30145 | O31: 548.47599 | P31: 297.85715 | Q31: =SUM(L31:P31) -> 1393.0747
C32: SCI VENDOME OUTLET COMMU | F32: 50092433349170 | G32: 50092433349170 | H32: 45261 | I32: HT-LU-5-SUP 36 | J32: C2 | K32: 500 | M32: 358.17938 | N32: 190.92137 | O32: 432.77029 | P32: 219.10269 | Q32: =SUM(L32:P32) -> 1200.9737
C33: SDC MY PLACE | F33: 50096526723318 | G33: 50096526723318 | H33: 45261 | I33: BT-CU-4-SUP 36 | J33: C4 | K33: 72 | M33: 35.102146 | N33: 15.965072 | O33: 36.512687 | P33: 22.085681 | Q33: =SUM(L33:P33) -> 109.66559
I34: HT-LU-5-SUP 36 | Q34: =SUM(L34:P34) -> 0
I35: HT-LU-5-SUP 36 | Q35: =SUM(L35:P35) -> 0
I36: BT-LU-4-SUP 36 | Q36: =SUM(L36:P36) -> 0
I37: HT-LU-5-SUP 36 | Q37: =SUM(L37:P37) -> 0
I38: HT-LU-5-SUP 36 | Q38: =SUM(L38:P38) -> 0
P39: =SUM(AI39) -> 0
B40: PRIX ACTUEL
B41: SITE | C41: Abonnement (€/mois) | D41: Prix Electricité (en €/MWH) | I41: Budget annuel (€ HT) | J41: Budget Obligations (en €/MWH) | P41: Budget Annuel Estimé Electricité & Obligations(€ HT) | R41: TVA | S41: BUDGET TTC
D42: PTE | E42: HPH | F42: HCH | G42: HPE | H42: HCE | J42: CEE | K42: Coût de capacité (estimation) | L42: TURPE | M42: CSPE | N42: TCFE | O42: Total Budget Obligation
B43: =C12 -> SCI SAMUEL | C43: 20.58 | E43: 123.11 | F43: 123.11 | G43: 123.11 | H43: 123.11 | I43: =C43*12+D43*L12+E43*M12+F43*N12+G43*O12+H43*P12 -> 4796.3305 | K43: =0.134*31.2418 -> 4.1864012 | L43: ='TURPE (2)'!Q26 -> 62.495954 | M43: 0.5 | N43: 2.08 | O43: =J43*Q12+K43*Q12+L43*Q12+M43*Q12+N43*Q12 -> 2559.5006 | P43: =I43+O43 -> 7355.831 | R43: =P43*0.2 -> 1471.1662 | S43: =P43+'TURPE (2)'!S26+'MONO C4'!R43 -> 9108.4995
B44: =C13 -> SCI VICTOIRE | C44: 20.58 | E44: 123.11 | F44: 123.11 | G44: 123.11 | H44: 123.11 | I44: =C44*12+D44*L13+E44*M13+F44*N13+G44*O13+H44*P13 -> 4227.3404 | K44: =0.134*31.2418 -> 4.1864012 | L44: ='TURPE (2)'!Q27 -> 59.065636 | M44: 0.5 | N44: 2.08 | O44: =J44*Q13+K44*Q13+L44*Q13+M44*Q13+N44*Q13 -> 2128.4749 | P44: =I44+O44 -> 6355.8154 | R44: =P44*0.2 -> 1271.1631 | S44: =P44+'TURPE (2)'!S27+'MONO C4'!R44 -> 7825.9537
B45: =C14 -> SCI VICTOIRE | C45: 20.58 | E45: 123.11 | F45: 123.11 | G45: 123.11 | H45: 123.11 | I45: =C45*12+D45*L14+E45*M14+F45*N14+G45*O14+H45*P14 -> 4856.9345 | K45: =0.134*31.2418 -> 4.1864012 | L45: ='TURPE (2)'!Q28 -> 56.866088 | M45: 0.5 | N45: 2.08 | O45: =J45*Q14+K45*Q14+L45*Q14+M45*Q14+N45*Q14 -> 2382.7809 | P45: =I45+O45 -> 7239.7154 | R45: =P45*0.2 -> 1447.9431 | S45: =P45+'TURPE (2)'!S28+'MONO C4'!R45 -> 8901.9102
B46: =C15 -> SCI SIMONE | C46: 20.58 | E46: 123.11 | F46: 123.11 | G46: 123.11 | H46: 123.11 | I46: =C46*12+D46*L15+E46*M15+F46*N15+G46*O15+H46*P15 -> 12749.554 | K46: =0.134*31.2418 -> 4.1864012 | L46: ='TURPE (2)'!Q29 -> 41.943606 | M46: 0.5 | N46: 2.08 | O46: =J46*Q15+K46*Q15+L46*Q15+M46*Q15+N46*Q15 -> 4946.8072 | P46: =I46+O46 -> 17696.361 | R46: =P46*0.2 -> 3539.2722 | S46: =P46+'TURPE (2)'!S29+'MONO C4'!R46 -> 21449.885
B47: =C16 -> SCI NINON | C47: 20.58 | E47: 123.11 | F47: 123.11 | G47: 123.11 | H47: 123.11 | I47: =C47*12+D47*L16+E47*M16+F47*N16+G47*O16+H47*P16 -> 1811.9676 | K47: =0.134*31.2418 -> 4.1864012 | L47: ='TURPE (2)'!Q30 -> 103.42068 | M47: 0.5 | N47: 2.08 | O47: =J47*Q16+K47*Q16+L47*Q16+M47*Q16+N47*Q16 -> 1400.728 | P47: =I47+O47 -> 3212.6956 | R47: =P47*0.2 -> 642.53913 | S47: =P47+'TURPE (2)'!S30+'MONO C4'!R47 -> 4054.21
B48: =C17 -> SARL TARA | C48: 20.58 | E48: 123.11 | F48: 123.11 | G48: 123.11 | H48: 123.11 | I48: =C48*12+D48*L17+E48*M17+F48*N17+G48*O17+H48*P17 -> 13549.143 | K48: =0.134*31.2418 -> 4.1864012 | L48: ='TURPE (2)'!Q31 -> 47.911997 | M48: 0.5 | N48: 2.08 | O48: =J48*Q17+K48*Q17+L48*Q17+M48*Q17+N48*Q17 -> 5908.0664 | P48: =I48+O48 -> 19457.209 | R48: =P48*0.2 -> 3891.4418 | S48: =P48+'TURPE (2)'!S31+'MONO C4'!R48 -> 23743.674
B49: =C18 -> SCI VENDOME OUTLET FILTRATIC | C49: 20.58 | E49: 123.11 | F49: 123.11 | G49: 123.11 | H49: 123.11 | I49: =C49*12+D49*L18+E49*M18+F49*N18+G49*O18+H49*P18 -> 18995.079 | K49: =0.134*31.2418 -> 4.1864012 | L49: ='TURPE (2)'!Q32 -> 51.87798 | M49: 0.5 | N49: 2.08 | O49: =J49*Q18+K49*Q18+L49*Q18+M49*Q18+N49*Q18 -> 8930.8087 | P49: =I49+O49 -> 27925.888 | R49: =P49*0.2 -> 5585.1776 | S49: =P49+'TURPE (2)'!S32+'MONO C4'!R49 -> 34214.163
B50: =C19 -> SDC MY PLACE | C50: 341.11 | E50: 212.02 | F50: 212.02 | G50: 212.02 | H50: 212.02 | I50: =C50*12+D50*L19+E50*M19+F50*N19+G50*O19+H50*P19 -> 27709.132 | K50: 2.22 | L50: ='TURPE (2)'!Q33 -> 45.269009 | M50: 0.5 | N50: 2.08 | O50: =J50*Q19+K50*Q19+L50*Q19+M50*Q19+N50*Q19 -> 5576.9282 | P50: =I50+O50 -> 33286.061 | R50: =P50*0.2 -> 6657.2121 | S50: =P50+'TURPE (2)'!S33+'MONO C4'!R50 -> 40264.459
B51: =C20 -> MON BEAU BUCHELAY | C51: 341.11 | E51: 212.02 | F51: 212.02 | G51: 212.02 | H51: 212.02 | I51: =C51*12+D51*L20+E51*M20+F51*N20+G51*O20+H51*P20 -> 207991.28 | K51: =0.071*31.2418 -> 2.2181678 | L51: ='TURPE (2)'!Q34 -> 26.561708 | M51: 0.5 | N51: 2.08 | O51: =J51*Q20+K51*Q20+L51*Q20+M51*Q20+N51*Q20 -> 30158.545 | P51: =I51+O51 -> 238149.82 | R51: =P51*0.2 -> 47629.965 | S51: =P51+'TURPE (2)'!S34+'MONO C4'!R51 -> 286999.47
B52: =C21 -> SCI VENDOME OUTLET SHOW | C52: 20.58 | E52: 123.11 | F52: 123.11 | G52: 123.11 | H52: 123.11 | I52: =C52*12+D52*L21+E52*M21+F52*N21+G52*O21+H52*P21 -> 25220.607 | K52: 4.19 | L52: ='TURPE (2)'!Q35 -> 46.234547 | M52: 0.5 | N52: 2.08 | O52: =J52*Q21+K52*Q21+L52*Q21+M52*Q21+N52*Q21 -> 10752.31 | P52: =I52+O52 -> 35972.916 | R52: =P52*0.2 -> 7194.5833 | S52: =P52+'TURPE (2)'!S35+'MONO C4'!R52 -> 43870.597
B53: =C22 -> SDC MY PLACE | C53: 20.58 | E53: 123.11 | F53: 123.11 | G53: 123.11 | H53: 123.11 | I53: =C53*12+D53*L22+E53*M22+F53*N22+G53*O22+H53*P22 -> 202900.25 | K53: 4.19 | L53: ='TURPE (2)'!Q36 -> 22.131768 | M53: 0.5 | N53: 2.08 | O53: =J53*Q22+K53*Q22+L53*Q22+M53*Q22+N53*Q22 -> 47575.652 | P53: =I53+O53 -> 250475.91 | R53: =P53*0.2 -> 50095.181 | S53: =P53+'TURPE (2)'!S36+'MONO C4'!R53 -> 301362.7
B54: =C23 -> SCI MARTIN ET LOLA | C54: 20.58 | E54: 123.11 | F54: 123.11 | G54: 123.11 | H54: 123.11 | I54: =C54*12+D54*L23+E54*M23+F54*N23+G54*O23+H54*P23 -> 2930.6322 | K54: 4.19 | L54: ='TURPE (2)'!Q37 -> 88.479163 | M54: 0.5 | N54: 2.08 | O54: =J54*Q23+K54*Q23+L54*Q23+M54*Q23+N54*Q23 -> 2076.3344 | P54: =I54+O54 -> 5006.9665 | R54: =P54*0.2 -> 1001.3933 | S54: =P54+'TURPE (2)'!S37+'MONO C4'!R54 -> 6289.8621
B55: =C24 -> SITE DE PLAISIR | C55: 20.58 | E55: 123.11 | F55: 123.11 | G55: 123.11 | H55: 123.11 | I55: =C55*12+D55*L24+E55*M24+F55*N24+G55*O24+H55*P24 -> 31410.417 | K55: 4.19 | L55: ='TURPE (2)'!Q38 -> 38.09633 | M55: 0.5 | N55: 2.08 | O55: =J55*Q24+K55*Q24+L55*Q24+M55*Q24+N55*Q24 -> 11357.241 | P55: =I55+O55 -> 42767.658 | R55: =P55*0.2 -> 8553.5315 | S55: =P55+'TURPE (2)'!S38+'MONO C4'!R55 -> 51657.653
B56: =C25 -> IQC ASSET MANAGEMENT | C56: 20.58 | E56: 123.11 | F56: 123.11 | G56: 123.11 | H56: 123.11 | I56: =C56*12+D56*L25+E56*M25+F56*N25+G56*O25+H56*P25 -> 5318.6785 | K56: 4.19 | L56: ='TURPE (2)'!Q39 -> 52.732369 | M56: 0.5 | N56: 2.08 | O56: =J56*Q25+K56*Q25+L56*Q25+M56*Q25+N56*Q25 -> 2451.2977 | P56: =I56+O56 -> 7769.9762 | R56: =P56*0.2 -> 1553.9952 | S56: =P56+'TURPE (2)'!S39+'MONO C4'!R56 -> 9510.2164
B57: =C26 -> Ma petite madeleine | C57: 20.58 | E57: 123.11 | F57: 123.11 | G57: 123.11 | H57: 123.11 | I57: =C57*12+D57*L26+E57*M26+F57*N26+G57*O26+H57*P26 -> 15120.397 | K57: 4.19 | L57: ='TURPE (2)'!Q40 -> 48.467859 | M57: 0.5 | N57: 2.08 | O57: =J57*Q26+K57*Q26+L57*Q26+M57*Q26+N57*Q26 -> 6673.5179 | P57: =I57+O57 -> 21793.914 | R57: =P57*0.2 -> 4358.7829 | S57: =P57+'TURPE (2)'!S40+'MONO C4'!R57 -> 26519.713
B58: =C27 -> Ma petite madeleine | C58: 20.58 | E58: 123.11 | F58: 123.11 | G58: 123.11 | H58: 123.11 | I58: =C58*12+D58*L27+E58*M27+F58*N27+G58*O27+H58*P27 -> 8012.7553 | K58: 4.19 | L58: ='TURPE (2)'!Q41 -> 53.992489 | M58: 0.5 | N58: 2.08 | O58: =J58*Q27+K58*Q27+L58*Q27+M58*Q27+N58*Q27 -> 3832.9059 | P58: =I58+O58 -> 11845.661 | R58: =P58*0.2 -> 2369.1323 | S58: =P58+'TURPE (2)'!S41+'MONO C4'!R58 -> 14459.598
B59: =C28 -> Ma petite madeleine | C59: 20.58 | E59: 123.11 | F59: 123.11 | G59: 123.11 | H59: 123.11 | I59: =C59*12+D59*L28+E59*M28+F59*N28+G59*O28+H59*P28 -> 23147.928 | K59: 4.19 | L59: ='TURPE (2)'!Q42 -> 43.049178 | M59: 0.5 | N59: 2.08 | O59: =J59*Q28+K59*Q28+L59*Q28+M59*Q28+N59*Q28 -> 9267.3821 | P59: =I59+O59 -> 32415.31 | R59: =P59*0.2 -> 6483.0621 | S59: =P59+'TURPE (2)'!S42+'MONO C4'!R59 -> 39219.559
B60: =C29 -> SDC MY PLACE | C60: 20.58 | E60: 123.11 | F60: 123.11 | G60: 123.11 | H60: 123.11 | I60: =C60*12+D60*L29+E60*M29+F60*N29+G60*O29+H60*P29 -> 7774.1792 | K60: 4.19 | L60: ='TURPE (2)'!Q43 -> 51.052885 | M60: 0.5 | N60: 2.08 | O60: =J60*Q29+K60*Q29+L60*Q29+M60*Q29+N60*Q29 -> 3535.4198 | P60: =I60+O60 -> 11309.599 | R60: =P60*0.2 -> 2261.9198 | S60: =P60+'TURPE (2)'!S43+'MONO C4'!R60 -> 13831.6
B61: =C30 -> SCI SAUVEUR | C61: 20.58 | E61: 123.11 | F61: 123.11 | G61: 123.11 | H61: 123.11 | I61: =C61*12+D61*L30+E61*M30+F61*N30+G61*O30+H61*P30 -> 14058.298 | K61: 4.19 | L61: ='TURPE (2)'!Q44 -> 40.58454 | M61: 0.5 | N61: 2.08 | O61: =J61*Q30+K61*Q30+L61*Q30+M61*Q30+N61*Q30 -> 5312.5622 | P61: =I61+O61 -> 19370.86 | R61: =P61*0.2 -> 3874.172 | S61: =P61+'TURPE (2)'!S44+'MONO C4'!R61 -> 23431.277
B62: =C31 -> SITE DE PLAISIR | C62: 341.11 | E62: 212.02 | F62: 212.02 | G62: 212.02 | H62: 212.02 | I62: =C62*12+D62*L31+E62*M31+F62*N31+G62*O31+H62*P31 -> 299453.02 | K62: =0.071*31.2418 -> 2.2181678 | L62: ='TURPE (2)'!Q45 -> 21.649384 | M62: 0.5 | N62: 2.08 | O62: =J62*Q31+K62*Q31+L62*Q31+M62*Q31+N62*Q31 -> 36843.414 | P62: =I62+O62 -> 336296.43 | R62: =P62*0.2 -> 67259.286 | S62: =P62+'TURPE (2)'!S45+'MONO C4'!R62 -> 404186.8
B63: =C32 -> SCI VENDOME OUTLET COMMU | C63: 341.11 | E63: 212.02 | F63: 212.02 | G63: 212.02 | H63: 212.02 | I63: =C63*12+D63*L32+E63*M32+F63*N32+G63*O32+H63*P32 -> 258723.77 | K63: =0.071*31.2418 -> 2.2181678 | L63: ='TURPE (2)'!Q46 -> 21.726342 | M63: 0.5 | N63: 2.08 | O63: =J63*Q32+K63*Q32+L63*Q32+M63*Q32+N63*Q32 -> 31855.24 | P63: =I63+O63 -> 290579.01 | R63: =P63*0.2 -> 58115.802 | S63: =P63+'TURPE (2)'!S46+'MONO C4'!R63 -> 350967.14
B64: =C33 -> SDC MY PLACE | C64: 20.58 | E64: 123.11 | F64: 123.11 | G64: 123.11 | H64: 123.11 | I64: =C64*12+D64*L33+E64*M33+F64*N33+G64*O33+H64*P33 -> 13747.89 | K64: 4.19 | L64: ='TURPE (2)'!Q47 -> 44.041514 | M64: 0.5 | N64: 2.08 | O64: =J64*Q33+K64*Q33+L64*Q33+M64*Q33+N64*Q33 -> 5572.2745 | P64: =I64+O64 -> 19320.165 | R64: =P64*0.2 -> 3864.0329 | S64: =P64+'TURPE (2)'!S47+'MONO C4'!R64 -> 23459.555
B66: FOURNISSEURS - OFFRE DE RENOUVELLEMNET
B67: SITE | C67: Abonnement (€/mois) | D67: Prix Electricité (en €/MWH) | I67: Budget annuel (€ HT) | J67: Budget Obligations (en €/MWH) | P67: Budget Annuel Estimé Electricité & Obligations(€ HT) | R67: TVA | S67: BUDGET TTC
D68: PTE | E68: HPH | F68: HCH | G68: HPE | H68: HCE | J68: CEE | K68: Coût de capacité (estimation) | L68: TURPE | M68: CSPE | N68: TCFE | O68: Total Budget Obligation
B69: =C12 -> SCI SAMUEL | I69: =C69*12+D69*L12+E69*M12+F69*N12+G69*O12+H69*P12 -> 0 | L69: =L43 -> 62.495954 | M69: =M43 -> 0.5 | N69: =N43 -> 2.08 | O69: =J69*Q12+K69*Q12+L69*Q12+M69*Q12+N69*Q12 -> 2404.7975 | P69: =I69+O69 -> 2404.7975 | R69: =(C69*12+'TURPE (2)'!$S$26)*0.055+(I69-(C69*12)+M69*Q12+N69*Q12)*0.2 -> 34.550735 | S69: =P69+'TURPE (2)'!$S$26+'MONO C4'!R69 -> 2720.8505
B70: =C13 -> SCI VICTOIRE | I70: =C70*12+D70*L13+E70*M13+F70*N13+G70*O13+H70*P13 -> 0 | L70: =L44 -> 59.065636 | M70: =M44 -> 0.5 | N70: =N44 -> 2.08 | O70: =J70*Q13+K70*Q13+L70*Q13+M70*Q13+N70*Q13 -> 1993.1206 | P70: =I70+O70 -> 1993.1206 | R70: =(C70*12+'TURPE (2)'!$S$26)*0.055+(I70-(C70*12)+M70*Q13+N70*Q13)*0.2 -> 32.165885 | S70: =P70+'TURPE (2)'!$S$26+'MONO C4'!R70 -> 2306.7888
B71: =C14 -> SCI VICTOIRE | I71: =C71*12+D71*L14+E71*M14+F71*N14+G71*O14+H71*P14 -> 0 | L71: =L45 -> 56.866088 | M71: =M45 -> 0.5 | N71: =N45 -> 2.08 | O71: =J71*Q14+K71*Q14+L71*Q14+M71*Q14+N71*Q14 -> 2226.017 | P71: =I71+O71 -> 2226.017 | R71: =(C71*12+'TURPE (2)'!$S$26)*0.055+(I71-(C71*12)+M71*Q14+N71*Q14)*0.2 -> 34.804749 | S71: =P71+'TURPE (2)'!$S$26+'MONO C4'!R71 -> 2542.324
B72: =C30 -> SCI SAUVEUR | I72: =C72*12+D72*L30+E72*M30+F72*N30+G72*O30+H72*P30 -> 0 | L72: =L46 -> 41.943606 | M72: =M46 -> 0.5 | N72: =N46 -> 2.08 | O72: =J72*Q30+K72*Q30+L72*Q30+M72*Q30+N72*Q30 -> 4994.9683 | P72: =I72+O72 -> 4994.9683 | R72: =(C72*12+'TURPE (2)'!$S$26)*0.055+(I72-(C72*12)+M72*Q30+N72*Q30)*0.2 -> 73.371099 | S72: =P72+'TURPE (2)'!$S$26+'MONO C4'!R72 -> 5349.8417
B74: =C31 -> SITE DE PLAISIR | I74: =C74*12+D74*L31+E74*M31+F74*N31+G74*O31+H74*P31 -> 0 | L74: =L47 -> 103.42068 | M74: =M47 -> 0.5 | N74: =N47 -> 2.08 | O74: =J74*Q31+K74*Q31+L74*Q31+M74*Q31+N74*Q31 -> 147666.86 | P74: =I74+O74 -> 147666.86 | R74: =(C74*12+'TURPE (2)'!$S$26)*0.055+(I74-(C74*12)+M74*Q31+N74*Q31)*0.2 -> 734.30916 | S74: =P74+'TURPE (2)'!$S$26+'MONO C4'!R74 -> 148682.67
B75: =C32 -> SCI VENDOME OUTLET COMMU | I75: =C75*12+D75*L32+E75*M32+F75*N32+G75*O32+H75*P32 -> 0 | L75: =L50 -> 45.269009 | M75: =M50 -> 0.5 | N75: =N50 -> 2.08 | O75: =J75*Q32+K75*Q32+L75*Q32+M75*Q32+N75*Q32 -> 57465.403 | P75: =I75+O75 -> 57465.403 | R75: =(C75*12+'TURPE (2)'!$S$26)*0.055+(I75-(C75*12)+M75*Q32+N75*Q32)*0.2 -> 635.18507 | S75: =P75+'TURPE (2)'!$S$26+'MONO C4'!R75 -> 58382.09
B76: =C33 -> SDC MY PLACE | I76: =C76*12+D76*L33+E76*M33+F76*N33+G76*O33+H76*P33 -> 0 | L76: =L51 -> 26.561708 | M76: =M51 -> 0.5 | N76: =N51 -> 2.08 | O76: =J76*Q33+K76*Q33+L76*Q33+M76*Q33+N76*Q33 -> 3195.8425 | P76: =I76+O76 -> 3195.8425 | R76: =(C76*12+'TURPE (2)'!$S$26)*0.055+(I76-(C76*12)+M76*Q33+N76*Q33)*0.2 -> 72.070066 | S76: =P76+'TURPE (2)'!$S$26+'MONO C4'!R76 -> 3549.4148
B77: =C34 -> 0 | I77: =C77*12+D77*L34+E77*M34+F77*N34+G77*O34+H77*P34 -> 0 | L77: =L52 -> 46.234547 | M77: =M52 -> 0.5 | N77: =N52 -> 2.08 | O77: =J77*Q34+K77*Q34+L77*Q34+M77*Q34+N77*Q34 -> 0 | P77: =I77+O77 -> 0 | R77: =(C77*12+'TURPE (2)'!$S$26)*0.055+(I77-(C77*12)+M77*Q34+N77*Q34)*0.2 -> 15.482624 | S77: =P77+'TURPE (2)'!$S$26+'MONO C4'!R77 -> 296.98488
B78: =C35 -> 0 | I78: =C78*12+D78*L35+E78*M35+F78*N35+G78*O35+H78*P35 -> 0 | L78: =L53 -> 22.131768 | M78: =M53 -> 0.5 | N78: =N53 -> 2.08 | O78: =J78*Q35+K78*Q35+L78*Q35+M78*Q35+N78*Q35 -> 0 | P78: =I78+O78 -> 0 | R78: =(C78*12+'TURPE (2)'!$S$26)*0.055+(I78-(C78*12)+M78*Q35+N78*Q35)*0.2 -> 15.482624 | S78: =P78+'TURPE (2)'!$S$26+'MONO C4'!R78 -> 296.98488
B79: =C36 -> 0 | I79: =C79*12+D79*L36+E79*M36+F79*N36+G79*O36+H79*P36 -> 0 | L79: =L54 -> 88.479163 | M79: =M54 -> 0.5 | N79: =N54 -> 2.08 | O79: =J79*Q36+K79*Q36+L79*Q36+M79*Q36+N79*Q36 -> 0 | P79: =I79+O79 -> 0 | R79: =(C79*12+'TURPE (2)'!$S$26)*0.055+(I79-(C79*12)+M79*Q36+N79*Q36)*0.2 -> 15.482624 | S79: =P79+'TURPE (2)'!$S$26+'MONO C4'!R79 -> 296.98488
B80: =C37 -> 0 | I80: =C80*12+D80*L37+E80*M37+F80*N37+G80*O37+H80*P37 -> 0 | L80: =L55 -> 38.09633 | M80: =M55 -> 0.5 | N80: =N55 -> 2.08 | O80: =J80*Q37+K80*Q37+L80*Q37+M80*Q37+N80*Q37 -> 0 | P80: =I80+O80 -> 0 | R80: =(C80*12+'TURPE (2)'!$S$26)*0.055+(I80-(C80*12)+M80*Q37+N80*Q37)*0.2 -> 15.482624 | S80: =P80+'TURPE (2)'!$S$26+'MONO C4'!R80 -> 296.98488
B81: =C38 -> 0 | I81: =C81*12+D81*L38+E81*M38+F81*N38+G81*O38+H81*P38 -> 0 | L81: =L56 -> 52.732369 | M81: =M56 -> 0.5 | N81: =N56 -> 2.08 | O81: =J81*Q38+K81*Q38+L81*Q38+M81*Q38+N81*Q38 -> 0 | P81: =I81+O81 -> 0 | R81: =(C81*12+'TURPE (2)'!$S$26)*0.055+(I81-(C81*12)+M81*Q38+N81*Q38)*0.2 -> 15.482624 | S81: =P81+'TURPE (2)'!$S$26+'MONO C4'!R81 -> 296.98488
B82: =C39 -> 0 | I82: =C82*12+D82*#REF!+E82*#REF!+F82*#REF!+G82*#REF!+H82*#REF! -> #REF! | L82: =L57 -> 48.467859 | M82: =M57 -> 0.5 | N82: =N57 -> 2.08 | O82: =J82*#REF!+K82*#REF!+L82*#REF!+M82*#REF!+N82*#REF! -> #REF! | P82: =I82+O82 -> #REF! | R82: =(C82*12+'TURPE (2)'!$S$26)*0.055+(I82-(C82*12)+M82*#REF!+N82*#REF!)*0.2 -> #REF! | S82: =P82+'TURPE (2)'!$S$26+'MONO C4'!R82 -> #REF!
B83: =C40 -> 0 | I83: =C83*12+D83*#REF!+E83*#REF!+F83*#REF!+G83*#REF!+H83*#REF! -> #REF! | L83: =L58 -> 53.992489 | M83: =M58 -> 0.5 | N83: =N58 -> 2.08 | O83: =J83*#REF!+K83*#REF!+L83*#REF!+M83*#REF!+N83*#REF! -> #REF! | P83: =I83+O83 -> #REF! | R83: =(C83*12+'TURPE (2)'!$S$26)*0.055+(I83-(C83*12)+M83*#REF!+N83*#REF!)*0.2 -> #REF! | S83: =P83+'TURPE (2)'!$S$26+'MONO C4'!R83 -> #REF!
B86: ="ETUDE ELECTRICITE - "&N2 -> ETUDE ELECTRICITE - COMPAGNIE DE PHALSBOURG
B88: Jusqu'au 31/12/2025
B89: ENI - ARENH
B90: SITE | C90: Abonnement (€/mois) | D90: Prix Electricité (en €/MWH) | I90: Budget annuel (€ HT) | J90: Budget Obligations (en €/MWH) | P90: Budget Annuel Estimé Electricité & Obligations(€ HT) | R90: TVA | S90: BUDGET TTC
D91: PTE | E91: HPH | F91: HCH | G91: HPE | H91: HCE | J91: CEE | K91: Coût de capacité (estimation) | L91: TURPE | M91: CSPE | N91: TCFE | O91: Total Budget Obligation
B92: =C12 -> SCI SAMUEL | C92: 0 | E92: 258.98 | F92: 82.77 | G92: 76.42 | H92: 49.04 | I92: =C92*12+D92*L12+E92*M12+F92*N12+G92*O12+H92*P12 -> 4300.146 | J92: 6.35 | K92: =0.43*31.2418 -> 13.433974 | L92: ='TURPE (2)'!Q26 -> 62.495954 | M92: 0.5 | N92: 2.08 | O92: =J92*Q12+K92*Q12+L92*Q12+M92*Q12+N92*Q12 -> 3135.8886 | P92: =I92+O92 -> 7436.0347 | R92: =P92*0.2 -> 1487.2069 | S92: =P92+'TURPE (2)'!S26+'MONO C4'!R92 -> 9204.7439
B93: =C13 -> SCI VICTOIRE | C93: 0 | E93: 262.81 | F93: 86.6 | G93: 80.25 | H93: 49.04 | I93: =C93*12+D93*L13+E93*M13+F93*N13+G93*O13+H93*P13 -> 3820.9146 | J93: 6.35 | K93: =0.43*31.2418 -> 13.433974 | L93: ='TURPE (2)'!Q27 -> 59.065636 | M93: 0.5 | N93: 2.08 | O93: =J93*Q13+K93*Q13+L93*Q13+M93*Q13+N93*Q13 -> 2632.7741 | P93: =I93+O93 -> 6453.6888 | R93: =P93*0.2 -> 1290.7378 | S93: =P93+'TURPE (2)'!S27+'MONO C4'!R93 -> 7943.4018
B94: =C14 -> SCI VICTOIRE | C94: 0 | E94: 262.68 | F94: 86.47 | G94: 80.12 | H94: 49.04 | I94: =C94*12+D94*L14+E94*M14+F94*N14+G94*O14+H94*P14 -> 4345.0861 | J94: 6.35 | K94: =0.43*31.2418 -> 13.433974 | L94: ='TURPE (2)'!Q28 -> 56.866088 | M94: 0.5 | N94: 2.08 | O94: =J94*Q14+K94*Q14+L94*Q14+M94*Q14+N94*Q14 -> 2966.8473 | P94: =I94+O94 -> 7311.9333 | R94: =P94*0.2 -> 1462.3867 | S94: =P94+'TURPE (2)'!S28+'MONO C4'!R94 -> 8988.5717
B95: =C15 -> SCI SIMONE | C95: 0 | E95: 269.34 | F95: 93.13 | G95: 86.78 | H95: 49.04 | I95: =C95*12+D95*L15+E95*M15+F95*N15+G95*O15+H95*P15 -> 14268.825 | J95: 6.35 | K95: =0.43*31.2418 -> 13.433974 | L95: ='TURPE (2)'!Q29 -> 41.943606 | M95: 0.5 | N95: 2.08 | O95: =J95*Q15+K95*Q15+L95*Q15+M95*Q15+N95*Q15 -> 6530.8387 | P95: =I95+O95 -> 20799.664 | R95: =P95*0.2 -> 4159.9328 | S95: =P95+'TURPE (2)'!S29+'MONO C4'!R95 -> 25173.848
B96: =C16 -> SCI NINON | C96: 0 | E96: 279.78 | F96: 103.57 | G96: 97.22 | H96: 49.04 | I96: =C96*12+D96*L16+E96*M16+F96*N16+G96*O16+H96*P16 -> 1641.7044 | J96: 6.35 | K96: =0.43*31.2418 -> 13.433974 | L96: ='TURPE (2)'!Q30 -> 103.42068 | M96: 0.5 | N96: 2.08 | O96: =J96*Q16+K96*Q16+L96*Q16+M96*Q16+N96*Q16 -> 1599.0086 | P96: =I96+O96 -> 3240.713 | R96: =P96*0.2 -> 648.14259 | S96: =P96+'TURPE (2)'!S30+'MONO C4'!R96 -> 4087.8308
B97: =C17 -> SARL TARA | C97: 0 | E97: 263.55 | F97: 87.34 | G97: 80.99 | H97: 49.04 | I97: =C97*12+D97*L17+E97*M17+F97*N17+G97*O17+H97*P17 -> 13976.295 | J97: 6.35 | K97: =0.43*31.2418 -> 13.433974 | L97: ='TURPE (2)'!Q31 -> 47.911997 | M97: 0.5 | N97: 2.08 | O97: =J97*Q17+K97*Q17+L97*Q17+M97*Q17+N97*Q17 -> 7593.4028 | P97: =I97+O97 -> 21569.698 | R97: =P97*0.2 -> 4313.9396 | S97: =P97+'TURPE (2)'!S31+'MONO C4'!R97 -> 26278.66
B98: =C18 -> SCI VENDOME OUTLET FILTRATIC | C98: 0 | E98: 260.41 | F98: 84.2 | G98: 77.85 | H98: 49.04 | I98: =C98*12+D98*L18+E98*M18+F98*N18+G98*O18+H98*P18 -> 18504.287 | J98: 6.35 | K98: =0.43*31.2418 -> 13.433974 | L98: ='TURPE (2)'!Q32 -> 51.87798 | M98: 0.5 | N98: 2.08 | O98: =J98*Q18+K98*Q18+L98*Q18+M98*Q18+N98*Q18 -> 11306.125 | P98: =I98+O98 -> 29810.412 | R98: =P98*0.2 -> 5962.0823 | S98: =P98+'TURPE (2)'!S32+'MONO C4'!R98 -> 36475.592
B99: =C19 -> SDC MY PLACE | C99: 0 | E99: 271.49 | F99: 95.28 | G99: 88.93 | H99: 49.04 | I99: =C99*12+D99*L19+E99*M19+F99*N19+G99*O19+H99*P19 -> 15294.138 | J99: 6.35 | K99: =0.43*31.2418 -> 13.433974 | L99: ='TURPE (2)'!Q33 -> 45.269009 | M99: 0.5 | N99: 2.08 | O99: =J99*Q19+K99*Q19+L99*Q19+M99*Q19+N99*Q19 -> 7533.2885 | P99: =I99+O99 -> 22827.427 | R99: =P99*0.2 -> 4565.4853 | S99: =P99+'TURPE (2)'!S33+'MONO C4'!R99 -> 27714.099
B100: =C20 -> MON BEAU BUCHELAY | C100: 0 | E100: 257.33 | F100: 100.69 | G100: 74.86 | H100: 49.04 | I100: =C100*12+D100*L20+E100*M20+F100*N20+G100*O20+H100*P20 -> 122774.88 | J100: 6.35 | K100: =0.43*31.2418 -> 13.433974 | L100: ='TURPE (2)'!Q34 -> 26.561708 | M100: 0.5 | N100: 2.08 | O100: =J100*Q20+K100*Q20+L100*Q20+M100*Q20+N100*Q20 -> 47051.442 | P100: =I100+O100 -> 169826.33 | R100: =P100*0.2 -> 33965.265 | S100: =P100+'TURPE (2)'!S34+'MONO C4'!R100 -> 205011.28
B101: =C21 -> SCI VENDOME OUTLET SHOW | C101: 0 | E101: 257.35 | F101: 81.14 | G101: 74.79 | H101: 49.04 | I101: =C101*12+D101*L21+E101*M21+F101*N21+G101*O21+H101*P21 -> 23641.89 | J101: 6.35 | K101: =0.43*31.2418 -> 13.433974 | L101: ='TURPE (2)'!Q35 -> 46.234547 | M101: 0.5 | N101: 2.08 | O101: =J101*Q21+K101*Q21+L101*Q21+M101*Q21+N101*Q21 -> 13915.646 | P101: =I101+O101 -> 37557.536 | R101: =P101*0.2 -> 7511.5073 | S101: =P101+'TURPE (2)'!S35+'MONO C4'!R101 -> 45772.141
B102: =C22 -> SDC MY PLACE | C102: 0 | E102: 244.43 | F102: 90.06 | G102: 76.32 | H102: 49.04 | I102: =C102*12+D102*L22+E102*M22+F102*N22+G102*O22+H102*P22 -> 191862.5 | J102: 6.35 | K102: =0.43*31.2418 -> 13.433974 | L102: ='TURPE (2)'!Q36 -> 22.131768 | M102: 0.5 | N102: 2.08 | O102: =J102*Q22+K102*Q22+L102*Q22+M102*Q22+N102*Q22 -> 73245.136 | P102: =I102+O102 -> 265107.64 | R102: =P102*0.2 -> 53021.528 | S102: =P102+'TURPE (2)'!S36+'MONO C4'!R102 -> 318920.78
B103: =C23 -> SCI MARTIN ET LOLA | C103: 0 | E103: 282.75 | F103: 106.54 | G103: 100.19 | H103: 49.04 | I103: =C103*12+D103*L23+E103*M23+F103*N23+G103*O23+H103*P23 -> 3317.8357 | J103: 6.35 | K103: =0.43*31.2418 -> 13.433974 | L103: ='TURPE (2)'!Q37 -> 88.479163 | M103: 0.5 | N103: 2.08 | O103: =J103*Q23+K103*Q23+L103*Q23+M103*Q23+N103*Q23 -> 2416.2671 | P103: =I103+O103 -> 5734.1027 | R103: =P103*0.2 -> 1146.8205 | S103: =P103+'TURPE (2)'!S37+'MONO C4'!R103 -> 7162.4255
... B113: =C33 -> SDC MY PLACE | C113: 0 | E113: 272.43 | F113: 96.22 | G113: 89.87 | H113: 49.04 | I113: =C113*12+D113*L33+E113*M33+F113*N33+G113*O33+H113*P33 -> 15463.514 | J113: 6.35 | K113: =0.43*31.2418 -> 13.433974 | L113: ='TURPE (2)'!Q47 -> 44.041514 | M113: 0.5 | N113: 2.08 | O113: =J113*Q33+K113*Q33+L113*Q33+M113*Q33+N113*Q33 -> 7282.3968 | P113: =I113+O113 -> 22745.911 | R113: =P113*0.2 -> 4549.1821 | S113: =P113+'TURPE (2)'!S47+'MONO C4'!R113 -> 27570.45
B114: =C34 -> 0 | C114: =144/12 -> 12 | D114: 467.73 | E114: 467.73 | F114: 29.27 | G114: 113.83 | H114: 29.27 | I114: =C114*12+D114*L34+E114*M34+F114*N34+G114*O34+H114*P34 -> 144 | J114: 4.47 | K114: 5.401 | L114: ='TURPE (2)'!Q48 -> #DIV/0! | M114: 22.5 | N114: 3.32 | O114: =J114*Q34+K114*Q34+L114*Q34+M114*Q34+N114*Q34 -> #DIV/0! | P114: =I114+O114 -> #DIV/0! | R114: =P114*0.2 -> #DIV/0! | S114: =P114+'TURPE (2)'!$S$26+'MONO C4'!R114 -> #DIV/0!
B115: =C35 -> 0 | C115: =144/12 -> 12 | D115: 467.73 | E115: 467.73 | F115: 29.27 | G115: 113.83 | H115: 29.27 | I115: =C115*12+D115*L35+E115*M35+F115*N35+G115*O35+H115*P35 -> 144 | J115: 4.47 | K115: 5.401 | L115: ='TURPE (2)'!Q49 -> #DIV/0! | M115: 22.5 | N115: 3.32 | O115: =J115*Q35+K115*Q35+L115*Q35+M115*Q35+N115*Q35 -> #DIV/0! | P115: =I115+O115 -> #DIV/0! | R115: =P115*0.2 -> #DIV/0! | S115: =P115+'TURPE (2)'!$S$26+'MONO C4'!R115 -> #DIV/0!
B116: =C36 -> 0 | C116: =31.93/12 -> 2.6608333 | D116: 407.96 | E116: 407.96 | F116: 41.63 | G116: 104.06 | H116: 41.63 | I116: =C116*12+D116*L36+E116*M36+F116*N36+G116*O36+H116*P36 -> 31.93 | J116: 4.47 | K116: 5.401 | L116: ='TURPE (2)'!Q50 -> #DIV/0! | M116: 22.5 | N116: 3.32 | O116: =J116*Q36+K116*Q36+L116*Q36+M116*Q36+N116*Q36 -> #DIV/0! | P116: =I116+O116 -> #DIV/0! | R116: =P116*0.2 -> #DIV/0! | S116: =P116+'TURPE (2)'!$S$26+'MONO C4'!R116 -> #DIV/0!
...

Sheet RESUME
E4: ARENH | F4: FIXE | G4: FIXE
C5: ='MONO C4'!C12 -> SCI SAMUEL | D5: ='MONO C4'!S43 -> 9108.4995 | E5: ='MONO C4'!S92 -> 9204.7439 | F5: ='MONO C4'!S124 -> 10780.623 | G5: ='MONO C4'!S151 -> 12941.797
C6: ='MONO C4'!C13 -> SCI VICTOIRE | D6: ='MONO C4'!S44 -> 7825.9537 | E6: ='MONO C4'!S93 -> 7943.4018 | F6: ='MONO C4'!S125 -> 9508.3633 | G6: ='MONO C4'!S152 -> 11149.611
C7: ='MONO C4'!C14 -> SCI VICTOIRE | D7: ='MONO C4'!S45 -> 8901.9102 | E7: ='MONO C4'!S94 -> 8988.5717 | F7: ='MONO C4'!S126 -> 11713.39 | G7: ='MONO C4'!S153 -> 12704.287
C8: ='MONO C4'!C15 -> SCI SIMONE | D8: ='MONO C4'!S46 -> 21449.885 | E8: ='MONO C4'!S95 -> 25173.848 | F8: ='MONO C4'!S127 -> 28971.737 | G8: ='MONO C4'!S154 -> 35072.902
C9: ='MONO C4'!C16 -> SCI NINON | D9: ='MONO C4'!S47 -> 4054.21 | E9: ='MONO C4'!S96 -> 4087.8308 | F9: ='MONO C4'!S128 -> 6120.2849 | G9: ='MONO C4'!S155 -> 5174.7148
C10: ='MONO C4'!C17 -> SARL TARA | D10: ='MONO C4'!S48 -> 23743.674 | E10: ='MONO C4'!S97 -> 26278.66 | F10: ='MONO C4'!S129 -> 32796.609 | G10: ='MONO C4'!S156 -> 37448.124
C11: ='MONO C4'!C18 -> SCI VENDOME OUTLET FILTRATIC | D11: ='MONO C4'!S49 -> 34214.163 | E11: ='MONO C4'!S98 -> 36475.592 | F11: ='MONO C4'!S130 -> 43760.147 | G11: ='MONO C4'!S157 -> 52397.596
C12: ='MONO C4'!C19 -> SDC MY PLACE | D12: ='MONO C4'!S50 -> 40264.459 | E12: ='MONO C4'!S99 -> 27714.099 | F12: ='MONO C4'!S131 -> 46459.227 | G12: ='MONO C4'!S158 -> 38260.091
C13: ='MONO C4'!C20 -> MON BEAU BUCHELAY | D13: ='MONO C4'!S51 -> 286999.47 | E13: ='MONO C4'!S100 -> 205011.28 | F13: ='MONO C4'!S132 -> 241915.72 | G13: ='MONO C4'!S159 -> 303514.31
C14: ='MONO C4'!C21 -> SCI VENDOME OUTLET SHOW | D14: ='MONO C4'!S52 -> 43870.597 | E14: ='MONO C4'!S101 -> 45772.141 | F14: ='MONO C4'!S133 -> 78917.14 | G14: ='MONO C4'!S160 -> 67474.535
C15: ='MONO C4'!C22 -> SDC MY PLACE | D15: ='MONO C4'!S53 -> 301362.7 | E15: ='MONO C4'!S102 -> 318920.78 | F15: ='MONO C4'!S134 -> 380097.41 | G15: ='MONO C4'!S161 -> 498897.35
C16: ='MONO C4'!C23 -> SCI MARTIN ET LOLA | D16: ='MONO C4'!S54 -> 6289.8621 | E16: ='MONO C4'!S103 -> 7162.4255 | F16: ='MONO C4'!S135 -> 11762.225 | G16: ='MONO C4'!S162 -> 8998.0294
... C26: ='MONO C4'!C33 -> SDC MY PLACE | D26: ='MONO C4'!S64 -> 23459.555 | E26: ='MONO C4'!S113 -> 27570.45 | F26: ='MONO C4'!S145 -> 31147.127 | G26: ='MONO C4'!S172 -> 37841.699
C27: TOTAL | D27: =SUM(D5:D26) -> 1745328.5 | E27: =SUM(E5:E26) -> 1491799.4 | F27: =SUM(F5:F26) -> 1843948.6 | G27: =SUM(G5:G26) -> 2206926.3

Sheet CAPA ENGIE
F2: PRIX MWh
A3: ENGIE | B3: PTE : HPH : HCH : HPE : HCE : | C3: Coef capa * moyenne enchere n-4 | F3: =G11/G18 -> 3.0917584 | G3: ENGIE | J3: ENCHERE ENGIE | K3: 31.2418
A7: COEFFICIENT | B7: PTE / BASE | C7: HPH / HP | D7: HCH / HC | E7: HPE | F7: HCE
C8: 0.6361 | D8: 0.014 | E8: -0.0942 | F8: -0.1592
A10: * Enchère | B10: =B8*$K$3 -> 0 | C10: =C8*$K$3 -> 19.872909 | D10: =D8*$K$3 -> 0.4373852 | E10: =E8*$K$3 -> -2.9429776 | F10: =F8*$K$3 -> -4.9736946
A11: * Conso | B11: =B10*B18 -> 0 | C11: =C10*C18 -> 193.37869 | D11: =D10*D18 -> 3.4972095 | E11: =E10*E18 -> -18.849144 | F11: =F10*F18 -> -63.774839 | G11: =SUM(B11:F11) -> 114.25192
A17: CONSOMATION EN MWh | B17: PTE / BASE | C17: HPH / HP | D17: HCH / HC | E17: HPE | F17: HCE | G17: TOTAL
C18: ='MONO C4'!M12 -> 9.7307694 | D18: ='MONO C4'!N12 -> 7.9957199 | E18: ='MONO C4'!O12 -> 6.4047867 | F18: ='MONO C4'!P12 -> 12.822428 | G18: =SUM(B18:F18) -> 36.953704

Sheet TURPE
A1: Composante de comptage
B3: Propriétes Equipement Comptage | C3: Tarif Transport | D3: Type Equipement Comptage | E3: COMPOSANTE DE COMPTAGE
A4: 1 | B4: LOCATAIRE | C4: BT ≤ 36 Kva | E4: 18.24
A5: 2
A6: 3 | C6: BT > 36 kVA | E6: 234.9
A7: 4 | I7: CONSOMATION EN MWh | J7: PTE / BASE | K7: HPH / HP | L7: HCH / HC | M7: HPE | N7: HCE | O7: TOTAL
A8: 5 | C8: HTA | E8: 312.12 | J8: =#REF! -> #REF! | K8: =#REF! -> #REF! | L8: =#REF! -> #REF! | M8: =#REF! -> #REF! | N8: =#REF! -> #REF! | O8: =SUM(J8:N8) -> #REF!
A9: 6 | B9: PROPRIETAIRE | C9: BT ≤ 36 Kva | E9: 18.24
A10: 7 | I10: PUISSSANCE | J10: =#REF! -> #REF!
A11: 8 | C11: BT > 36 kVA | E11: 234.9
A12: 9
A13: 10 | C13: HTA | E13: 312.12
A14: 11 | D14: Sans Comptage | E14: 1.45 | I14: INDEX | K14: FIXE | L14: VARIABLE | M14: FIXE + VARIABLE | N14: PRIX AU MWh
G15: =H15&"-"&J15&"-"&I15&"-"&O15 -> BT-CU-1-INF 36 | H15: BT | I15: 1 | J15: CU | K15: =E4+C19+E26 -> #REF! | L15: =D41*O8 -> #REF! | M15: =SUM(K15:L15) -> #REF! | N15: =M15/$O$8 -> #REF! | O15: INF 36
A16: Composante de gestion | G16: =H16&"-"&J16&"-"&I16&"-"&O16 -> BT-LU-1-INF 36 | H16: BT | I16: 1 | J16: LU | K16: =E4+C19+E27 -> #REF! | L16: =D42*O8 -> #REF! | M16: =SUM(K16:L16) -> #REF! | N16: =M16/$O$8 -> #REF! | O16: INF 36
G17: =H17&"-"&J17&"-"&I17&"-"&O17 -> BT-LU-1-INF 36 | H17: BT | I17: 1 | J17: LU | K17: =E4+C19+E28 -> #REF! | L17: =D42*O8 -> #REF! | M17: =SUM(K17:L17) -> #REF! | N17: =M17/$O$8 -> #REF! | O17: INF 36
B18: Type Comptage | C18: COMPOSANTE DE GESTION | G18: =H18&"-"&J18&"-"&I18&"-"&O18 -> BT-MU-2-INF 36 | H18: BT | I18: 2 | J18: MU | K18: =E4+C19+E29 -> #REF! | L18: =K8*E43+L8*F43 -> #REF! | M18: =SUM(K18:L18) -> #REF! | N18: =M18/$O$8 -> #REF! | O18: INF 36
A19: 1 | B19: BT ≤ 36 kVA | C19: 13.92 | G19: =H19&"-"&J19&"-"&I19&"-"&O19 -> BT-CU-4-INF 36 | H19: BT | I19: 4 | J19: CU | K19: =E4+C19+E30 -> #REF! | L19: =H44*K8+J44*L8+N44*M8+O44*N8 -> #REF! | M19: =SUM(K19:L19) -> #REF! | N19: =M19/$O$8 -> #REF! | O19: INF 36
A20: 2 | B20: BT > 36 kVA | C20: 184.8 | G20: =H20&"-"&J20&"-"&I20&"-"&O20 -> BT-MU-4-INF 36 | H20: BT | I20: 4 | J20: MU | K20: =E4+C19+E31 -> #REF! | L20: =H45*K8+J45*L8+N45*M8+O45*N8 -> #REF! | M20: =SUM(K20:L20) -> #REF! | N20: =M20/$O$8 -> #REF! | O20: INF 36
A21: 3 | B21: HTA | C21: 369.6 | G21: =H21&"-"&J21&"-"&I21&"-"&O21 -> BT-CU-4-SUP 36 | H21: BT | I21: 4 | J21: CU | K21: =E6+C20+E32 -> #REF! | L21: =H46*K8+J46*L8+L46*M8+M46*N8 -> #REF! | M21: =SUM(K21:L21) -> #REF! | N21: =M21/$O$8 -> #REF! | O21: SUP 36
G22: =H22&"-"&J22&"-"&I22&"-"&O22 -> BT-LU-4-SUP 36 | H22: BT | I22: 4 | J22: LU | K22: =E6+C20+E33 -> #REF! | L22: =G47*$J$8+H47*$K$8+J47*$L$8+L47*$M$8+M47*$N$8 -> #REF! | M22: =SUM(K22:L22) -> #REF! | N22: =M22/$O$8 -> #REF! | O22: SUP 36
A23: Composante de soutirage part fixe | G23: =H23&"-"&J23&"-"&I23&"-"&O23 -> HT-CU-5-SUP 36 | H23: HT | I23: 5 | J23: CU | K23: =E8+C21+E34 -> #REF! | L23: =G48*$J$8+H48*$K$8+J48*$L$8+L48*$M$8+M48*$N$8 -> #REF! | M23: =SUM(K23:L23) -> #REF! | N23: =M23/$O$8 -> #REF! | O23: SUP 36
G24: =H24&"-"&J24&"-"&I24&"-"&O24 -> HT-LU-5-SUP 36 | H24: HT | I24: 5 | J24: LU | K24: =E8+C21+E35 -> #REF! | L24: =G49*$J$8+H49*$K$8+J49*$L$8+L49*$M$8+M49*$N$8 -> #REF! | M24: =SUM(K24:L24) -> #REF! | N24: =M24/$O$8 -> #REF! | O24: SUP 36
B25: Type de Comptage | C25: Version Utilisation | D25: Composante de Soutirage : Part Fixe | E25: * la puissance | G25: =H25&"-"&J25&"-"&I25&"-"&O25 -> HT-CU-5,1-SUP 36 | H25: HT | I25: 5.1 | J25: CU | K25: =E8+C21+E36 -> #REF! | L25: =G50*$J$8+H50*$K$8+J50*$L$8+L50*$M$8+M50*$N$8 -> #REF! | M25: =SUM(K25:L25) -> #REF! | N25: =M25/$O$8 -> #REF! | O25: SUP 36
A26: 1 | B26: BT <= 36 simple | C26: CU | D26: 8.52 | E26: =D26*$J$10 -> #REF! | G26: =H26&"-"&J26&"-"&I26&"-"&O26 -> HT-LU-5,1-SUP 36 | H26: HT | I26: 5.1 | J26: LU | K26: =E8+C21+E37 -> #REF! | L26: =G51*$J$8+H51*$K$8+J51*$L$8+L51*$M$8+M51*$N$8 -> #REF! | M26: =SUM(K26:L26) -> #REF! | N26: =M26/$O$8 -> #REF! | O26: SUP 36
A27: 2 | C27: LU | D27: 76.44 | E27: =D27*$J$10 -> #REF! | I27: 5,1 = pointe mobile
A28: 3 | B28: BT <= 36 simple EP | C28: LU | D28: 76.44 | E28: =D28*$J$10 -> #REF!
A29: 4 | B29: BT <= 36 double | C29: MU | D29: 10.32 | E29: =D29*$J$10 -> #REF!
A30: 5 | B30: BT <= 36 4 index | C30: CU | D30: 8.4 | E30: =D30*$J$10 -> #REF!
A31: 6 | C31: MU | D31: 9.96 | E31: =D31*$J$10 -> #REF!
A32: 7 | B32: 4 INDEX | C32: CU | D32: 11.61 | E32: =D32*$J$10 -> #REF!
A33: 8 | C33: LU | D33: 20.57 | E33: =D33*$J$10 -> #REF!
A34: 9 | B34: 5 INDEX | C34: CU | D34: 4.88 | E34: =D34*$J$10 -> #REF!
A35: 10 | C35: LU | D35: 19.36 | E35: =D35*$J$10 -> #REF!
A36: 11 | B36: 5 INDEX PM | C36: CU | D36: 5.34 | E36: =D36*$J$10 -> #REF!
A37: 12 | C37: LU | D37: 21.81 | E37: =D37*$J$10 -> #REF!
A38: Composante de soutirage part variable
B40: Type de Comptage | C40: Version Utilisation | D40: Conso Simple | E40: HP | F40: HC | G40: PTE | H40: HPH | I40: HPD | J40: HCH | K40: HCD | L40: HPE | M40: HCE | N40: HPB | O40: HCB
A41: 1 | B41: BT <= 36 simple BT <= 36 simple EP | C41: CU | D41: 37.1
A42: 2 | C42: LU | D42: 10.4
A43: 3 | B43: BT <= 36 double | C43: MU | E43: 37.9 | F43: 26.8
A44: 4 | B44: BT <= 36 4 index | C44: CU | H44: 62.7 | J44: 42.9 | N44: 13.4 | O44: 8.3
A45: 5 | C45: MU | H45: 57.5 | J45: 39.9 | N45: 13.1 | O45: 8.2
A46: 6 | B46: 4 INDEX | C46: CU | H46: 51.5 | J46: 33.6 | L46: 22.8 | M46: 18
A47: 7 | C47: LU | G47: 44.3 | H47: 44.3 | J47: 31.1 | L47: 20 | M47: 17
A48: 8 | B48: 5 INDEX | C48: CU | G48: 37.3 | H48: 32 | J48: 21.7 | L48: 16.4 | M48: 10.1
A49: 9 | C49: LU | G49: 28 | H49: 21.1 | J49: 13.8 | L49: 8.9 | M49: 7.7
A50: 10 | B50: 5 INDEX PM | C50: CU | G50: 47.8 | H50: 30.7 | J50: 21.7 | L50: 16.4 | M50: 10.1
A51: 11 | C51: LU | G51: 32.1 | H51: 19.3 | J51: 13.8 | L51: 8.9 | M51: 7.7

Sheet TURPE (2)
B1: SEGMENT | C1: FTA | D1: UTILISATION | E1: INDEX | F1: COMPOSANTE DE COMPTAGE | G1: COMPOSANTE DE GESTION | H1: COMPOSANTE DE SOUTIRAGE PART FIXE | I1: TURPE FIXE | J1: Prix au MWH | L1: COMPOSANTE DE SOUTIRAGE PART VARIABLE | T1: TURPE VARIABLE | U1: Prix au MWH
L2: BASE | M2: HP | N2: HC | O2: PTE / BASE | P2: HPH / HP | Q2: HCH / HC | R2: HPE | S2: HCE
A3: BT-CU-1-INF 36 | B3: C5 | C3: BT ≤ 36 Kva | D3: CU | E3: 1 | F3: 18.24 | G3: 13.92 | H3: 8.52 | I3: STOCKAGE + GESTION + (SOUTIRAGE PART FIXE * Puissance souscrite) | J3: = TURPE FIXE / CAR (consommation annuelle) | L3: 37.1 | O3: 37.1 | T3: CONSO PAR POSTE * COMPOSANTE PART VARIABLE | U3: = TURPE VARIABLE / CAR (consommation annuelle)
A4: BT-MU-2-INF 36 | B4: C5 | C4: BT ≤ 36 Kva | D4: MU | E4: 2 | F4: 18.24 | G4: 13.92 | H4: 10.32 | M4: 37.9 | N4: 26.8 | P4: 37.9 | Q4: 26.8
A5: BT-CU-4-INF 36 | B5: C5 | C5: BT ≤ 36 Kva | D5: 4 POSTES - CU | E5: 4 | F5: 18.24 | G5: 13.92 | H5: 8.4 | P5: 62.7 | Q5: 42.9 | R5: 13.4 | S5: 8.3
A6: BT-MU-4-INF 36 | B6: C5 | C6: BT ≤ 36 Kva | D6: 4 POSTES - MU | E6: 4 | F6: 18.24 | G6: 13.92 | H6: 9.96 | P6: 57.5 | Q6: 39.9 | R6: 13.1 | S6: 8.2
A7: BT-LU-1-INF 36 | B7: C5 | C7: BT ≤ 36 Kva | D7: LU EP | E7: 1 | F7: 18.24 | G7: 13.92 | H7: 76.44 | L7: 10.4 | O7: 10.4
A8: BT-CU-4-SUP 36 | B8: C4 | C8: BT > 36 kVA | D8: CU | E8: 4 | F8: 234.9 | G8: 184.8 | H8: 11.61 | P8: 51.5 | Q8: 33.6 | R8: 22.8 | S8: 18
A9: BT-LU-4-SUP 36 | B9: C4 | C9: BT > 36 kVA | D9: LU | E9: 4 | F9: 234.9 | G9: 184.8 | H9: 20.57 | O9: 44.3 | P9: 44.3 | Q9: 31.1 | R9: 20 | S9: 17
A10: HT-CU-5-SUP 36 | B10: C3 | C10: HTA | D10: PF CU | E10: 5 | F10: 312.12 | G10: 369.6 | H10: 4.88 | O10: 37.3 | P10: 32 | Q10: 21.7 | R10: 16.4 | S10: 10.1
A11: HT-CU-5,1-SUP 36 | B11: C3 | C11: HTA | D11: PM CU | E11: 5.1 | F11: 312.12 | G11: 369.6 | H11: 5.34 | O11: 47.8 | P11: 30.7 | Q11: 21.7 | R11: 16.4 | S11: 10.1
A12: HT-LU-5-SUP 36 | B12: C3 | C12: HTA | D12: PF LU | E12: 5 | F12: 312.12 | G12: 369.6 | H12: 19.36 | O12: 28 | P12: 21.1 | Q12: 13.8 | R12: 8.9 | S12: 7.7
A13: HT-LU-5,1-SUP 36 | B13: C3 | C13: HTA | D13: PM LU | E13: 5.1 | F13: 312.12 | G13: 369.6 | H13: 21.81 | O13: 32.1 | P13: 19.3 | Q13: 13.8 | R13: 8.9 | S13: 7.7
B14: C2 | C14: HTA | D14: PF CU | E14: 5 | F14: 312.12 | G14: 369.6 | H14: 4.88 | O14: 37.3 | P14: 32 | Q14: 21.7 | R14: 16.4 | S14: 10.1
B15: C2 | C15: HTA | D15: PM CU | E15: 5.1 | F15: 312.12 | G15: 369.6 | H15: 5.34 | O15: 47.8 | P15: 30.7 | Q15: 21.7 | R15: 16.4 | S15: 10.1
B16: C2 | C16: HTA | D16: PF LU | E16: 5 | F16: 312.12 | G16: 369.6 | H16: 19.36 | O16: 28 | P16: 21.1 | Q16: 13.8 | R16: 8.9 | S16: 7.7
B17: C2 | C17: HTA | D17: PM LU | E17: 5.1 | F17: 312.12 | G17: 369.6 | H17: 21.81 | O17: 32.1 | P17: 19.3 | Q17: 13.8 | R17: 8.9 | S17: 7.7
B18: C1 | C18: HTA | D18: PF CU | E18: 5 | F18: 312.12 | G18: 369.6 | H18: 4.88 | O18: 37.3 | P18: 32 | Q18: 21.7 | R18: 16.4 | S18: 10.1
B19: C1 | C19: HTA | D19: PM CU | E19: 5.1 | F19: 312.12 | G19: 369.6 | H19: 5.34 | O19: 47.8 | P19: 30.7 | Q19: 21.7 | R19: 16.4 | S19: 10.1
B20: C1 | C20: HTA | D20: PF LU | E20: 5 | F20: 312.12 | G20: 369.6 | H20: 19.36 | O20: 28 | P20: 21.1 | Q20: 13.8 | R20: 8.9 | S20: 7.7
B21: C1 | C21: HTA | D21: PM LU | E21: 5.1 | F21: 312.12 | G21: 369.6 | H21: 21.81 | O21: 32.1 | P21: 19.3 | Q21: 13.8 | R21: 8.9 | S21: 7.7
E25: CONSOMATION EN MWh | F25: PTE / BASE | G25: HPH / HP | H25: HCH / HC | I25: HPE | J25: HCE | K25: TOTAL | M25: TURPE | N25: FIXE | O25: VARIABLE | P25: FIXE+VARIABLE | Q25: PRIX €/MWh | S25: CTA | T25: FIXE MENSUEL | U25: VARIABLE EN MWH
B26: PUISSANCE | C26: ='MONO C4'!K12 -> 42 | F26: ='MONO C4'!L12 -> 0 | G26: ='MONO C4'!M12 -> 9.7307694 | H26: ='MONO C4'!N12 -> 7.9957199 | I26: ='MONO C4'!O12 -> 6.4047867 | J26: ='MONO C4'!P12 -> 12.822428 | K26: =SUM(F26:J26) -> 36.953704 | N26: =VLOOKUP('MONO C4'!I12,$A$3:$H$13,6,FALSE)+VLOOKUP('MONO C4'!I12,$A$3:$H$13,7,)+VLOOKUP('MONO C4'!I12,$A$3:$H$13,8,)*C26 -> 1283.64 | O26: =VLOOKUP('MONO C4'!I12,$A$3:$S$13,15,FALSE)*'TURPE (2)'!F26+VLOOKUP('MONO C4'!I12,$A$3:$S$13,16,FALSE)*'TURPE (2)'!G26+VLOOKUP('MONO C4'!I12,$A$3:$S$13,17,FALSE)*'TURPE (2)'!H26+VLOOKUP('MONO C4'!I12,$A$3:$S$13,18,FALSE)*'TURPE (2)'!I26+VLOOKUP('MONO C4'!I12,$A$3:$S$13,19,FALSE)*'TURPE (2)'!J26 -> 1025.817 | P26: =N26+O26 -> 2309.457 | Q26: =P26/K26 -> 62.495954 | S26: =N26*0.2193 -> 281.50225 | T26: =N26/12 -> 106.97 | U26: =O26/K26 -> 27.759517
C27: ='MONO C4'!K13 -> 42 | F27: ='MONO C4'!L13 -> 0 | G27: ='MONO C4'!M13 -> 8.1728457 | H27: ='MONO C4'!N13 -> 7.2814587 | I27: ='MONO C4'!O13 -> 6.8810435 | J27: ='MONO C4'!P13 -> 9.9965538 | K27: =SUM(F27:J27) -> 32.331902 | N27: =VLOOKUP('MONO C4'!I13,$A$3:$H$13,6,FALSE)+VLOOKUP('MONO C4'!I13,$A$3:$H$13,7,)+VLOOKUP('MONO C4'!I13,$A$3:$H$13,8,)*C27 -> 907.32 | O27: =VLOOKUP('MONO C4'!I13,$A$3:$S$13,15,FALSE)*'TURPE (2)'!F27+VLOOKUP('MONO C4'!I13,$A$3:$S$13,16,FALSE)*'TURPE (2)'!G27+VLOOKUP('MONO C4'!I13,$A$3:$S$13,17,FALSE)*'TURPE (2)'!H27+VLOOKUP('MONO C4'!I13,$A$3:$S$13,18,FALSE)*'TURPE (2)'!I27+VLOOKUP('MONO C4'!I13,$A$3:$S$13,19,FALSE)*'TURPE (2)'!J27 -> 1002.3843 | P27: =N27+O27 -> 1909.7043 | Q27: =P27/K27 -> 59.065636 | S27: =N27*0.2193 -> 198.97528 | T27: =N27/12 -> 75.61 | U27: =O27/K27 -> 31.00295
C28: ='MONO C4'!K14 -> 48 | F28: ='MONO C4'!L14 -> 0 | G28: ='MONO C4'!M14 -> 9.0186805 | H28: ='MONO C4'!N14 -> 8.7980955 | I28: ='MONO C4'!O14 -> 8.1297168 | J28: ='MONO C4'!P14 -> 11.499487 | K28: =SUM(F28:J28) -> 37.44598 | N28: =VLOOKUP('MONO C4'!I14,$A$3:$H$13,6,FALSE)+VLOOKUP('MONO C4'!I14,$A$3:$H$13,7,)+VLOOKUP('MONO C4'!I14,$A$3:$H$13,8,)*C28 -> 976.98 | O28: =VLOOKUP('MONO C4'!I14,$A$3:$S$13,15,FALSE)*'TURPE (2)'!F28+VLOOKUP('MONO C4'!I14,$A$3:$S$13,16,FALSE)*'TURPE (2)'!G28+VLOOKUP('MONO C4'!I14,$A$3:$S$13,17,FALSE)*'TURPE (2)'!H28+VLOOKUP('MONO C4'!I14,$A$3:$S$13,18,FALSE)*'TURPE (2)'!I28+VLOOKUP('MONO C4'!I14,$A$3:$S$13,19,FALSE)*'TURPE (2)'!J28 -> 1152.4264 | P28: =N28+O28 -> 2129.4064 | Q28: =P28/K28 -> 56.866088 | S28: =N28*0.2193 -> 214.25171 | T28: =N28/12 -> 81.415 | U28: =O28/K28 -> 30.775703
C29: ='MONO C4'!K15 -> 48 | F29: ='MONO C4'!L15 -> 0 | G29: ='MONO C4'!M15 -> 32.756421 | H29: ='MONO C4'!N15 -> 9.3811863 | I29: ='MONO C4'!O15 -> 43.949364 | J29: ='MONO C4'!P15 -> 15.469309 | K29: =SUM(F29:J29) -> 101.55628 | N29: =VLOOKUP('MONO C4'!I15,$A$3:$H$13,6,FALSE)+VLOOKUP('MONO C4'!I15,$A$3:$H$13,7,)+VLOOKUP('MONO C4'!I15,$A$3:$H$13,8,)*C29 -> 976.98 | O29: =VLOOKUP('MONO C4'!I15,$A$3:$S$13,15,FALSE)*'TURPE (2)'!F29+VLOOKUP('MONO C4'!I15,$A$3:$S$13,16,FALSE)*'TURPE (2)'!G29+VLOOKUP('MONO C4'!I15,$A$3:$S$13,17,FALSE)*'TURPE (2)'!H29+VLOOKUP('MONO C4'!I15,$A$3:$S$13,18,FALSE)*'TURPE (2)'!I29+VLOOKUP('MONO C4'!I15,$A$3:$S$13,19,FALSE)*'TURPE (2)'!J29 -> 3282.6566 | P29: =N29+O29 -> 4259.6366 | Q29: =P29/K29 -> 41.943606 | S29: =N29*0.2193 -> 214.25171 | T29: =N29/12 -> 81.415 | U29: =O29/K29 -> 32.323521
C30: ='MONO C4'!K16 -> 42 | F30: ='MONO C4'!L16 -> 0 | G30: ='MONO C4'!M16 -> 3.1468658 | H30: ='MONO C4'!N16 -> 4.3316268 | I30: ='MONO C4'!O16 -> 1.1619599 | J30: ='MONO C4'!P16 -> 4.0718182 | K30: =SUM(F30:J30) -> 12.712271 | N30: =VLOOKUP('MONO C4'!I16,$A$3:$H$13,6,FALSE)+VLOOKUP('MONO C4'!I16,$A$3:$H$13,7,)+VLOOKUP('MONO C4'!I16,$A$3:$H$13,8,)*C30 -> 907.32 | O30: =VLOOKUP('MONO C4'!I16,$A$3:$S$13,15,FALSE)*'TURPE (2)'!F30+VLOOKUP('MONO C4'!I16,$A$3:$S$13,16,FALSE)*'TURPE (2)'!G30+VLOOKUP('MONO C4'!I16,$A$3:$S$13,17,FALSE)*'TURPE (2)'!H30+VLOOKUP('MONO C4'!I16,$A$3:$S$13,18,FALSE)*'TURPE (2)'!I30+VLOOKUP('MONO C4'!I16,$A$3:$S$13,19,FALSE)*'TURPE (2)'!J30 -> 407.39166 | P30: =N30+O30 -> 1314.7117 | Q30: =P30/K30 -> 103.42068 | S30: =N30*0.2193 -> 198.97528 | T30: =N30/12 -> 75.61 | U30: =O30/K30 -> 32.04712
C31: ='MONO C4'!K17 -> 119 | F31: ='MONO C4'!L17 -> 0 | G31: ='MONO C4'!M17 -> 30.838613 | H31: ='MONO C4'!N17 -> 8.9191897 | I31: ='MONO C4'!O17 -> 53.855038 | J31: ='MONO C4'!P17 -> 14.438355 | K31: =SUM(F31:J31) -> 108.0512 | N31: =VLOOKUP('MONO C4'!I17,$A$3:$H$13,6,FALSE)+VLOOKUP('MONO C4'!I17,$A$3:$H$13,7,)+VLOOKUP('MONO C4'!I17,$A$3:$H$13,8,)*C31 -> 1801.29 | O31: =VLOOKUP('MONO C4'!I17,$A$3:$S$13,15,FALSE)*'TURPE (2)'!F31+VLOOKUP('MONO C4'!I17,$A$3:$S$13,16,FALSE)*'TURPE (2)'!G31+VLOOKUP('MONO C4'!I17,$A$3:$S$13,17,FALSE)*'TURPE (2)'!H31+VLOOKUP('MONO C4'!I17,$A$3:$S$13,18,FALSE)*'TURPE (2)'!I31+VLOOKUP('MONO C4'!I17,$A$3:$S$13,19,FALSE)*'TURPE (2)'!J31 -> 3375.6586 | P31: =N31+O31 -> 5176.9486 | Q31: =P31/K31 -> 47.911997 | S31: =N31*0.2193 -> 395.0229 | T31: =N31/12 -> 150.1075 | U31: =O31/K31 -> 31.241289
C32: ='MONO C4'!K18 -> 240 | F32: ='MONO C4'!L18 -> 0 | G32: ='MONO C4'!M18 -> 40.46158 | H32: ='MONO C4'!N18 -> 18.868556 | I32: ='MONO C4'!O18 -> 63.183735 | J32: ='MONO C4'!P18 -> 29.773671 | K32: =SUM(F32:J32) -> 152.28754 | N32: =VLOOKUP('MONO C4'!I18,$A$3:$H$13,6,FALSE)+VLOOKUP('MONO C4'!I18,$A$3:$H$13,7,)+VLOOKUP('MONO C4'!I18,$A$3:$H$13,8,)*C32 -> 3206.1 | O32: =VLOOKUP('MONO C4'!I18,$A$3:$S$13,15,FALSE)*'TURPE (2)'!F32+VLOOKUP('MONO C4'!I18,$A$3:$S$13,16,FALSE)*'TURPE (2)'!G32+VLOOKUP('MONO C4'!I18,$A$3:$S$13,17,FALSE)*'TURPE (2)'!H32+VLOOKUP('MONO C4'!I18,$A$3:$S$13,18,FALSE)*'TURPE (2)'!I32+VLOOKUP('MONO C4'!I18,$A$3:$S$13,19,FALSE)*'TURPE (2)'!J32 -> 4694.2701 | P32: =N32+O32 -> 7900.3701 | Q32: =P32/K32 -> 51.87798 | S32: =N32*0.2193 -> 703.09773 | T32: =N32/12 -> 267.175 | U32: =O32/K32 -> 30.825043
C33: ='MONO C4'!K19 -> 90 | F33: ='MONO C4'!L19 -> 0 | G33: ='MONO C4'!M19 -> 33.377123 | H33: ='MONO C4'!N19 -> 16.438354 | I33: ='MONO C4'!O19 -> 41.287929 | J33: ='MONO C4'!P19 -> 20.281428 | K33: =SUM(F33:J33) -> 111.38483 | N33: =VLOOKUP('MONO C4'!I19,$A$3:$H$13,6,FALSE)+VLOOKUP('MONO C4'!I19,$A$3:$H$13,7,)+VLOOKUP('MONO C4'!I19,$A$3:$H$13,8,)*C33 -> 1464.6 | O33: =VLOOKUP('MONO C4'!I19,$A$3:$S$13,15,FALSE)*'TURPE (2)'!F33+VLOOKUP('MONO C4'!I19,$A$3:$S$13,16,FALSE)*'TURPE (2)'!G33+VLOOKUP('MONO C4'!I19,$A$3:$S$13,17,FALSE)*'TURPE (2)'!H33+VLOOKUP('MONO C4'!I19,$A$3:$S$13,18,FALSE)*'TURPE (2)'!I33+VLOOKUP('MONO C4'!I19,$A$3:$S$13,19,FALSE)*'TURPE (2)'!J33 -> 3577.681 | P33: =N33+O33 -> 5042.281 | Q33: =P33/K33 -> 45.269009 | S33: =N33*0.2193 -> 321.18678 | T33: =N33/12 -> 122.05 | U33: =O33/K33 -> 32.120001
C34: ='MONO C4'!K20 -> 1000 | F34: ='MONO C4'!L20 -> 0 | G34: ='MONO C4'!M20 -> 275.13331 | H34: ='MONO C4'!N20 -> 222.10645 | I34: ='MONO C4'!O20 -> 264.68581 | J34: ='MONO C4'!P20 -> 199.76652 | K34: =SUM(F34:J34) -> 961.6921 | N34: =VLOOKUP('MONO C4'!I20,$A$3:$H$13,6,FALSE)+VLOOKUP('MONO C4'!I20,$A$3:$H$13,7,)+VLOOKUP('MONO C4'!I20,$A$3:$H$13,8,)*C34 -> 5561.72 | O34: =VLOOKUP('MONO C4'!I20,$A$3:$S$13,15,FALSE)*'TURPE (2)'!F34+VLOOKUP('MONO C4'!I20,$A$3:$S$13,16,FALSE)*'TURPE (2)'!G34+VLOOKUP('MONO C4'!I20,$A$3:$S$13,17,FALSE)*'TURPE (2)'!H34+VLOOKUP('MONO C4'!I20,$A$3:$S$13,18,FALSE)*'TURPE (2)'!I34+VLOOKUP('MONO C4'!I20,$A$3:$S$13,19,FALSE)*'TURPE (2)'!J34 -> 19982.465 | P34: =N34+O34 -> 25544.185 | Q34: =P34/K34 -> 26.561708 | S34: =N34*0.2193 -> 1219.6852 | T34: =N34/12 -> 463.47667 | U34: =O34/K34 -> 20.778444
C35: ='MONO C4'!K21 -> 240 | F35: ='MONO C4'!L21 -> 0 | G35: ='MONO C4'!M21 -> 51.398134 | H35: ='MONO C4'!N21 -> 25.249513 | I35: ='MONO C4'!O21 -> 84.526576 | J35: ='MONO C4'!P21 -> 41.682139 | K35: =SUM(F35:J35) -> 202.85636 | N35: =VLOOKUP('MONO C4'!I21,$A$3:$H$13,6,FALSE)+VLOOKUP('MONO C4'!I21,$A$3:$H$13,7,)+VLOOKUP('MONO C4'!I21,$A$3:$H$13,8,)*C35 -> 3206.1 | O35: =VLOOKUP('MONO C4'!I21,$A$3:$S$13,15,FALSE)*'TURPE (2)'!F35+VLOOKUP('MONO C4'!I21,$A$3:$S$13,16,FALSE)*'TURPE (2)'!G35+VLOOKUP('MONO C4'!I21,$A$3:$S$13,17,FALSE)*'TURPE (2)'!H35+VLOOKUP('MONO C4'!I21,$A$3:$S$13,18,FALSE)*'TURPE (2)'!I35+VLOOKUP('MONO C4'!I21,$A$3:$S$13,19,FALSE)*'TURPE (2)'!J35 -> 6172.872 | P35: =N35+O35 -> 9378.972 | Q35: =P35/K35 -> 46.234547 | S35: =N35*0.2193 -> 703.09773 | T35: =N35/12 -> 267.175 | U35: =O35/K35 -> 30.429768
C36: ='MONO C4'!K22 -> 600 | F36: ='MONO C4'!L22 -> 0 | G36: ='MONO C4'!M22 -> 428.04191 | H36: ='MONO C4'!N22 -> 221.26121 | I36: ='MONO C4'!O22 -> 675.43072 | J36: ='MONO C4'!P22 -> 321.38179 | K36: =SUM(F36:J36) -> 1646.1156 | N36: =VLOOKUP('MONO C4'!I22,$A$3:$H$13,6,FALSE)+VLOOKUP('MONO C4'!I22,$A$3:$H$13,7,)+VLOOKUP('MONO C4'!I22,$A$3:$H$13,8,)*C36 -> 3609.72 | O36: =VLOOKUP('MONO C4'!I22,$A$3:$S$13,15,FALSE)*'TURPE (2)'!F36+VLOOKUP('MONO C4'!I22,$A$3:$S$13,16,FALSE)*'TURPE (2)'!G36+VLOOKUP('MONO C4'!I22,$A$3:$S$13,17,FALSE)*'TURPE (2)'!H36+VLOOKUP('MONO C4'!I22,$A$3:$S$13,18,FALSE)*'TURPE (2)'!I36+VLOOKUP('MONO C4'!I22,$A$3:$S$13,19,FALSE)*'TURPE (2)'!J36 -> 32821.729 | P36: =N36+O36 -> 36431.449 | Q36: =P36/K36 -> 22.131768 | S36: =N36*0.2193 -> 791.6116 | T36: =N36/12 -> 300.81 | U36: =O36/K36 -> 19.938897
C37: ='MONO C4'!K23 -> 42 | F37: ='MONO C4'!L23 -> 0 | G37: ='MONO C4'!M23 -> 7.2322069 | H37: ='MONO C4'!N23 -> 4.1325733 | I37: ='MONO C4'!O23 -> 6.2747166 | J37: ='MONO C4'!P23 -> 4.159481 | K37: =SUM(F37:J37) -> 21.798978 | N37: =VLOOKUP('MONO C4'!I23,$A$3:$H$13,6,FALSE)+VLOOKUP('MONO C4'!I23,$A$3:$H$13,7,)+VLOOKUP('MONO C4'!I23,$A$3:$H$13,8,)*C37 -> 1283.64 | O37: =VLOOKUP('MONO C4'!I23,$A$3:$S$13,15,FALSE)*'TURPE (2)'!F37+VLOOKUP('MONO C4'!I23,$A$3:$S$13,16,FALSE)*'TURPE (2)'!G37+VLOOKUP('MONO C4'!I23,$A$3:$S$13,17,FALSE)*'TURPE (2)'!H37+VLOOKUP('MONO C4'!I23,$A$3:$S$13,18,FALSE)*'TURPE (2)'!I37+VLOOKUP('MONO C4'!I23,$A$3:$S$13,19,FALSE)*'TURPE (2)'!J37 -> 645.1153 | P37: =N37+O37 -> 1928.7553 | Q37: =P37/K37 -> 88.479163 | S37: =N37*0.2193 -> 281.50225 | T37: =N37/12 -> 106.97 | U37: =O37/K37 -> 29.593833
C38: ='MONO C4'!K24 -> 96 | F38: ='MONO C4'!L24 -> 0 | G38: ='MONO C4'!M24 -> 76.61676 | H38: ='MONO C4'!N24 -> 31.366078 | I38: ='MONO C4'!O24 -> 103.5111 | J38: ='MONO C4'!P24 -> 41.641114 | K38: =SUM(F38:J38) -> 253.13506 | N38: =VLOOKUP('MONO C4'!I24,$A$3:$H$13,6,FALSE)+VLOOKUP('MONO C4'!I24,$A$3:$H$13,7,)+VLOOKUP('MONO C4'!I24,$A$3:$H$13,8,)*C38 -> 1534.26 | O38: =VLOOKUP('MONO C4'!I24,$A$3:$S$13,15,FALSE)*'TURPE (2)'!F38+VLOOKUP('MONO C4'!I24,$A$3:$S$13,16,FALSE)*'TURPE (2)'!G38+VLOOKUP('MONO C4'!I24,$A$3:$S$13,17,FALSE)*'TURPE (2)'!H38+VLOOKUP('MONO C4'!I24,$A$3:$S$13,18,FALSE)*'TURPE (2)'!I38+VLOOKUP('MONO C4'!I24,$A$3:$S$13,19,FALSE)*'TURPE (2)'!J38 -> 8109.2566 | P38: =N38+O38 -> 9643.5166 | Q38: =P38/K38 -> 38.09633 | S38: =N38*0.2193 -> 336.46322 | T38: =N38/12 -> 127.855 | U38: =O38/K38 -> 32.035297
... C52: ='MONO C4'!K38 -> 0 | F52: ='MONO C4'!L38 -> 0 | G52: ='MONO C4'!M38 -> 0 | H52: ='MONO C4'!N38 -> 0 | I52: ='MONO C4'!O38 -> 0 | J52: ='MONO C4'!P38 -> 0 | K52: =SUM(F52:J52) -> 0 | N52: =VLOOKUP('MONO C4'!I38,$A$3:$H$13,6,FALSE)+VLOOKUP('MONO C4'!I38,$A$3:$H$13,7,)+VLOOKUP('MONO C4'!I38,$A$3:$H$13,8,)*C52 -> 681.72 | O52: =VLOOKUP('MONO C4'!I38,$A$3:$S$13,15,FALSE)*'TURPE (2)'!F52+VLOOKUP('MONO C4'!I38,$A$3:$S$13,16,FALSE)*'TURPE (2)'!G52+VLOOKUP('MONO C4'!I38,$A$3:$S$13,17,FALSE)*'TURPE (2)'!H52+VLOOKUP('MONO C4'!I38,$A$3:$S$13,18,FALSE)*'TURPE (2)'!I52+VLOOKUP('MONO C4'!I38,$A$3:$S$13,19,FALSE)*'TURPE (2)'!J52 -> 0 | P52: =N52+O52 -> 681.72 | Q52: =P52/K52 -> #DIV/0! | S52: =N52*0.2193 -> 149.5012 | T52: =N52/12 -> 56.81 | U52: =O52/K52 -> #DIV/0!
C53: ='MONO C4'!K39 -> 0
C54: ='MONO C4'!K40 -> 0
C55: ='MONO C4'!K41 -> 0
C56: ='MONO C4'!K42 -> Coût de capacité (estimation)
C57: ='MONO C4'!K43 -> 4.1864012
C58: ='MONO C4'!K44 -> 4.1864012
C59: ='MONO C4'!K45 -> 4.1864012
C60: ='MONO C4'!K46 -> 4.1864012

Sheet Listing
A1: TENSION | B1: UTILISATION | C1: INDEX | D1: PUISSANCE | H1: Fournisseurs
A2: BT | B2: CU | C2: 1 | D2: INF 36 | H2: ENGIE
A3: HT | B3: MU | C3: 2 | D3: SUP 36 | H3: PRIMEO
B4: LU | C4: 4 | H4: GAZPROM
C5: 5 | H5: ANTARGAZ
C6: 5.1 | H6: VATTENFALL
H7: ENOVOS
H8: GAZEL
H9: PICOTY
H10: ENI
